 Dungeon Crawl Stone Soup version 0.16.1-18-g436b03c (webtiles) character file.

153 misterX the Sneak (level 5, -2/25 HPs)
             Began as a Spriggan Enchanter on Apr 30, 2015.
             Killed by divine providence
             ... invoked by an orc priest
              (15 damage)
             ... on level 3 of the Dungeon on May 5, 2015.
             The game lasted 00:19:31 (2968 turns).

misterX the Sneak (Spriggan Enchanter)              Turns: 2968, Time: 00:19:31

Health: -2/25      AC:  3    Str:  4    XL:     5   Next: 12%
Magic:  15/15      EV: 21    Int: 17    God:
Gold:   106        SH:  0    Dex: 17    Spells: 1 memorised, 8 levels left

rFire  . . .     SeeInvis +     a - +1 dagger
rCold  . . .     Clarity  .     b - +1 robe
rNeg   . . .     SustAb   .     (shield restricted)
rPois  .         Gourm    .     (helmet restricted)
rElec  .         Spirit   .     (no cloak)
rCorr  .         Warding  .     (gloves unavailable)
rMut   .         Stasis   .     (boots unavailable)
MR     .....                    (no amulet)
Stlth  ++++......               (no ring)
                                (no ring)

@: very quick, not resistant to hostile enchantments, stealthy
A: unfitting armour, see invisible, herbivore 3, speed 3, slow metabolism 2
a: no special abilities


You were on level 3 of the Dungeon.
You were not hungry.

You visited 1 branch of the dungeon, and saw 3 of its levels.

You collected 106 gold pieces.

Inventory:

Hand weapons
 a - a +1 dagger (weapon)
 i - a +0 hand axe
 j - a +0 dagger
 l - a +0 short sword
 q - a +0 dagger
 r - a cursed -3 hand axe
 s - a +0 dagger
 u - a cursed -3 dagger
Missiles
 g - 12 stones (quivered)
Armour
 b - a +1 robe (worn)
Scrolls
 e - 3 scrolls of remove curse {unknown}
 h - 5 scrolls of identify {unknown}
 m - a scroll of enchant weapon {unknown}
 o - a scroll of enchant armour {unknown}
 t - a scroll of teleportation {unknown}
Potions
 f - a potion of might {unknown}
 k - 2 potions of curing {unknown}
 n - a potion of heal wounds {unknown}
 p - 2 potions of haste {unknown}
 v - a potion of lignification {unknown}
Books
 c - a book of Maledictions

   Spells                             Type                      Level
   a - Corona                         Hexes                        1
   b - Sure Blade                     Hexes/Charms                 2
   c - Ensorcelled Hibernation        Hexes/Ice                    2
   d - Confuse                        Hexes                        3
   e - Dazzling Spray                 Conjuration/Hexes            3
   f - Enslavement                    Hexes                        4
Comestibles
 d - 2 bread rations


   Skills:
 + Level 0.5 Fighting
 + Level 2.2 Short Blades
 + Level 0.2 Throwing
 + Level 5.5 Dodging
 + Level 5.8 Stealth
 + Level 2.9 Spellcasting
 + Level 3.9 Hexes


You had 8 spell levels left.
You knew the following spells:

 Your Spells              Type           Power        Failure   Level  Hunger
a - Corona                Hex            ###....      3%          1    None


Dungeon Overview and Level Annotations

Branches:
Dungeon (3/15)

Altars:
Qazlal


Innate Abilities, Weirdness & Mutations

You are tiny and cannot use many weapons and most armour.
You have supernaturally acute eyesight.
You are a herbivore.
You cover ground extremely quickly.
You need consume almost no food.


Message History

The orc priest closely misses you.
You hit the orc priest.
The orc priest is lightly wounded.
The orc priest barely misses you.
You hit the orc priest.
The orc priest is moderately wounded.
The orc priest misses you.
You hit the orc priest but do no damage.
The orc priest is moderately wounded.
The orc priest hits you with a dagger.
The orc priest looks braver.
You see here a tomahawk.
You start resting.
An orc priest is nearby!
An orc priest is nearby!
An orc priest is nearby!
The orc priest invokes the aid of Beogh against you.
Something smites you!
Ouch! That really hurt!
You die...

#.##o##.#
#.......#
####.##.#
#.##.#
#.##.####
#.......#
#.##.##.#
#....##.###.##
#@##.<........
#.#####.#.#...
#.# # #.. .##
. . .. [


You could see an orc priest.

Vanquished Creatures
  Sigmund (D:2)
  2 adders (D:2)
  A giant mite (D:2)
  2 worms (D:2)
  A giant gecko (D:2)
  An orc (D:3)
  5 giant cockroaches
  3 hobgoblins (D:1)
  2 quokkas (D:2)
  7 bats
  A giant newt (D:1)
  7 goblins
  4 kobolds
  5 rats (D:2)
42 creatures vanquished.

Notes
Turn   | Place    | Note
--------------------------------------------------------------
     0 | D:1      | misterX, the Spriggan Enchanter, began the quest for the Orb.
     0 | D:1      | Reached XP level 1. HP: 9/9 MP: 4/4
     9 | D:1      | Noticed a centaur
   463 | D:1      | Reached XP level 2. HP: 11/13 MP: 7/7
  1251 | D:2      | Reached skill level 5 in Stealth
  1272 | D:2      | Found a stormy altar of Qazlal.
  1469 | D:2      | Reached XP level 3. HP: 13/16 MP: 9/9
  2300 | D:2      | Noticed Sigmund
  2309 | D:2      | Killed Sigmund
  2309 | D:2      | Reached skill level 5 in Dodging
  2309 | D:2      | Reached XP level 4. HP: 3/21 MP: 12/12
  2309 | D:2      | Reached XP level 5. HP: 3/25 MP: 15/15
  2968 | D:3      | Killed from afar by an orc priest

Action                   |  1- 3 |  4- 6 || total
-------------------------+-------+-------++-------
Melee: Dagger            |   128 |    28 ||   156
Throw: Stone             |     2 |       ||     2
 Stab: Sleeping          |    11 |     2 ||    13
